 Dungeon Crawl Stone Soup version 0.19.4-9-g45fd643 (webtiles) character file.

32 Kosschaser the Shooter (level 3, -1/24 HPs)
             Began as a High Elf Hunter on Feb 16, 2017.
             Slain by a giant cockroach (2 damage)
             ... on level 3 of the Dungeon.
             The game lasted 00:05:44 (1006 turns).

Kosschaser the Shooter (High Elf Hunter)            Turns: 1006, Time: 00:05:44

Health: -1/24      AC:  3    Str: 11    XL:     3   Next: 10%
Magic:  13/13      EV: 12    Int: 15    God:
Gold:   48         SH:  0    Dex: 16    Spells: 0 memorised, 2 levels left

rFire  . . .     SeeInvis .     b - +0 short sword
rCold  . . .     Gourm    .     c - +0 leather armour
rNeg   . . .     Faith    .     (no shield)
rPois  .         Spirit   .     (no helmet)
rElec  .         Reflect  .     (no cloak)
rCorr  .         Harm     .     (no gloves)
MR     .....     Rnd*Tele +     (no boots)
Stlth  ++........               (no amulet)
                                (no ring)
                                q - ring of magical power

@: no status effects
A: fangs 1, teleportitis 1, no device heal 1
a: no special abilities


You were on level 3 of the Dungeon.
You were hungry.

You visited 1 branch of the dungeon, and saw 3 of its levels.

You collected 48 gold pieces.

Inventory:

Hand Weapons
 a - a +1 shortbow
 b - a +0 short sword (weapon)
Missiles
 d - 16 arrows
Armour
 c - a +0 leather armour (worn)
Jewellery
 q - a ring of magical power (left hand)
Scrolls
 e - 2 scrolls of identify
 k - a scroll of amnesia {unknown}
 l - a scroll of remove curse {unknown}
 p - a scroll of fear {unknown}
Potions
 g - 2 potions of haste
 j - a potion of agility
 o - a potion of resistance {unknown}
Comestibles
 f - a bread ration
 h - a slice of pizza
 i - 3 fruits


   Skills:
 + Level 2.0 Fighting
 + Level 1.2 Short Blades
 + Level 6.0 Bows
 + Level 0.6 Armour
 + Level 2.4 Dodging
 + Level 1.2 Stealth


You had 2 spell levels left.
You didn't know any spells.

Dungeon Overview and Level Annotations

Branches:
Dungeon (3/15)

Altars:


Innate Abilities, Weirdness & Mutations

You have very sharp teeth.
You are occasionally teleported next to monsters.
Potions and wands are less effective at restoring your health.


Message History

* * * LOW HITPOINT WARNING * * *
You closely miss the quokka.
The quokka is severely wounded.
The quokka barely misses you. The quokka closely misses you.
You are feeling hungry.
The giant cockroach bites you.
* * * LOW HITPOINT WARNING * * *
There is a stone staircase leading down here.
The giant cockroach closely misses you. The quokka bites you.
* * * LOW HITPOINT WARNING * * *
You climb downwards.
A rat comes into view.
Found a runed mace, a mace, a potion of curing and 8 gold pieces.
There is a stone staircase leading up here.
Unknown command.
You barely miss the quokka. Your bite misses the quokka.
The quokka is heavily wounded.
The giant cockroach bites you.
You die...

. #..$. #
.#...# .# .
.#...##. ..
..r... .#
#....#..## ##
.........
####..#........
......r@.)....)
........s...###
....####.##.#
... .# # . ..
!.. ... ....


You could see a quokka, a giant cockroach and a rat (sleeping).

Vanquished Creatures
  An adder (D:2)
  An ooze (D:2)
  A giant cockroach (D:1)
  3 goblins
  2 hobgoblins
  A quokka (D:2)
  3 bats
  2 frilled lizards (D:1)
  4 kobolds
  2 rats
20 creatures vanquished.

Vanquished Creatures (others)
  2 ghouls (D:1)
  A draconian (D:1)
  An elf (D:1)
  A troll (D:1)
  3 spriggans (D:1)
  2 vampires (D:1)
  3 humans (D:1)
  A naga (D:1)
  An orc (D:1)
  A plant (D:2)
  5 tentacles (D:1)
21 creatures vanquished.

Grand Total: 41 creatures vanquished

Notes
Turn   | Place    | Note
-------+----------+-------------------------------------------
     0 | D:1      | Kosschaser the High Elf Hunter began the quest for the Orb.
     0 | D:1      | Reached XP level 1. HP: 14/14 MP: 2/2
     2 | D:1      | Noticed a spriggan
     2 | D:1      | Noticed a human
     2 | D:1      | Noticed a human
     2 | D:1      | Noticed a spriggan
     2 | D:1      | Noticed a ghoul
     2 | D:1      | Noticed a naga
     2 | D:1      | Noticed a kraken
     2 | D:1      | Noticed a spriggan
     2 | D:1      | Noticed a vampire
     2 | D:1      | Noticed a human
     2 | D:1      | Noticed a troll
     2 | D:1      | Noticed an elf
     2 | D:1      | Noticed a ghoul
     2 | D:1      | Noticed a vampire
     2 | D:1      | Noticed a draconian
     4 | D:1      | Killed a spriggan
     7 | D:1      | Killed a ghoul
     7 | D:1      | Killed a vampire
    10 | D:1      | Killed a troll
    10 | D:1      | Killed a human
    11 | D:1      | Killed a spriggan
    11 | D:1      | Killed a human
    12 | D:1      | Killed a spriggan
    12 | D:1      | Killed a vampire
    12 | D:1      | Killed an elf
    13 | D:1      | Killed a naga
    15 | D:1      | Killed a human
    18 | D:1      | Killed a draconian
    20 | D:1      | Killed a ghoul
   329 | D:1      | Reached XP level 2. HP: 13/19 MP: 3/3
   690 | D:2      | Reached skill level 1 in Short Blades
   880 | D:2      | Reached XP level 3. HP: 24/24 MP: 4/4
   979 | D:2      | Reached skill level 6 in Bows
   992 | D:2      | Gained mutation: You have very sharp teeth. [potion of mutation]
   992 | D:2      | Gained mutation: You are occasionally teleported next to monsters. [potion of mutation]
   992 | D:2      | Gained mutation: Potions and wands are less effective at restoring your health. [potion of mutation]
  1004 | D:2      | HP: 1/24 [quokka (2)]
  1006 | D:3      | Slain by a giant cockroach

Skill      XL: |  1  2  3 |
---------------+----------+-----
Short Blades   | 1 |  1.2
Bows           | 6 |  6.0
Fighting       | |  2.0
Armour         | |  0.6
Dodging        | |  2.4
Stealth        | |  1.2

Action                   || total
-------------------------++-------
Melee: Short sword       ||    72
 Fire: Shortbow          ||    23
  Use: Potion            ||     4
       Scroll            ||     1
Armor: Leather armour    ||    19
Dodge: Dodged            ||    63
